cohdb
Replays
Latest Replays
All Replays
Popular Replays
Top Player Replays
Match Explorer
How It Works
Community
CoH3 Stats
Reddit
Sign in to upload your games and track your stats! →
Sign in with Steam
Match 39575973
Unlisted
Match 39575973
Overview
Messages
Build Orders
End
Pioneer Squad
Construct Infanterie Kompanie
Selects Terror Battlegroup
Selects Terror Battlegroup
Grenadier Squad
Selects Machine Gun Camouflage
Grenadier Squad
MG 42 Machine Gun Team
Infanterie Officer Quarters
Construct Panzergrenadier Kompanie
Panzergrenadier Squad
Pak 40 Anti-tank Gun Team
Construct Panzer Kompanie
Stoßtruppen Squad
$Zwaridel$
Mice destroyer
JT
Sparkle
Mo-J
Wheeler
0
0
Comments
sign in to comment!
No comments posted yet!